 Dungeon Crawl Stone Soup version 0.25.1-2-g60ff931df9 (webtiles) character file.

Game seed: 4233808151167981010

44 Acheron the Charmwright (level 3, -4/21 HPs)
             Began as a Vampire Skald on Aug 21, 2020.
             Slain by a centaur (7 damage)
             ... on level 2 of the Dungeon.
             The game lasted 00:06:48 (1281 turns).

Acheron the Charmwright (Vampire Skald)             Turns: 1281, Time: 00:06:48

Health: -4/21      AC:  4    Str:  9 (10) XL:     3   Next: 39%
Magic:  6/6        EV: 12    Int: 12 (15) God:
Gold:   108        SH:  0    Dex: 12 (14) Spells: 3/6 levels left

rFire    . . .     SeeInvis +   a - +0 falchion
rCold    + + .     Gourm    .   (no shield)
rNeg     + + +     Faith    .   b - +0 leather armour
rPois    ∞         Spirit   .   h - +0 helmet
rElec    .         Reflect  .   (no cloak)
rCorr    .         Harm     .   (no gloves)
MR       .....                  (no boots)
Stlth    +++.......             (no amulet)
HPRegen  0.00/turn              (no ring)
MPRegen  0.10/turn              (no ring)

@: lethally poisoned (-4 -> -4), bloodless
A: no food, fangs 3, see invisible, unbreathing
a: Bat Form, Revivify


You were on level 2 of the Dungeon.
You were bloodless.

You visited 1 branch of the dungeon, and saw 2 of its levels.

You collected 108 gold pieces.

Inventory:

Hand Weapons
 a - a +0 falchion (weapon)
 f - a +2 mace of draining
Missiles
 g - 35 stones
 i - 8 poisoned darts (quivered)
Armour
 b - a +0 leather armour (worn)
 e - a cursed +0 robe
 h - a +0 helmet (worn)
Scrolls
 c - a scroll of identify {unknown}
 d - a scroll of remove curse {unknown}
 j - a scroll of enchant armour {unknown}
 k - a scroll of random uselessness {unknown}
Potions
 l - a potion of heal wounds {unknown}


   Skills:
 * Level 2.1 Fighting
 + Level 2.2 Long Blades
 * Level 0.1 Throwing
 * Level 1.2 Armour
 * Level 2.4 Dodging
 * Level 1.3 Stealth
 * Level 2.2 Spellcasting
 + Level 3.6 Charms
 * Level 0.3 Translocations


You had 3 spell levels left.
You knew the following spells:

 Your Spells              Type           Power        Failure   Level  Hunger
a - Infusion              Chrm           #...         9%          1    N/A
b - Shroud of Golubria    Chrm/Tloc      #.....       24%         2    N/A

Your spell library contained the following spells:

 Spells                   Type           Power        Failure   Level  Hunger
 Song of Slaying          Chrm           #.......     13%         2    N/A
 Ozocubu's Armour         Chrm/Ice       #.......     45%         3    N/A
 Spectral Weapon          Hex/Chrm       #.......     45%         3    N/A

Dungeon Overview and Level Annotations

Branches:
Dungeon (2/15)

Altars:


Innate Abilities, Weirdness & Mutations

You do not eat.
You do not regenerate when monsters are visible.
You are frail without blood (-20% HP).
You can heal yourself when you bite living creatures.
You are immune to poison.
You have razor-sharp teeth.
You have supernaturally acute eyesight. (SInv)
You can survive without breathing.


Message History

You slash the goblin!
You kill the goblin!
The centaur wields a +0 shortbow.
The centaur shoots an arrow.
The arrow closely misses you.
The centaur unwields a +0 shortbow.
The centaur hits you but does no damage.
The centaur misses you.
You riposte.
You barely miss the centaur.
Items here: ))) † a +0 club; a +0 short sword; a +0 vampiric dagger; a kobold corpse You barely miss the centaur.
The centaur closely misses you.
You riposte.
You barely miss the centaur. The centaur closely misses you.
You closely miss the centaur. The centaur hits you.
You hit the centaur.
The centaur is lightly wounded.
The centaur closely misses you. The centaur hits you.
* * * LOW HITPOINT WARNING * * *
You closely miss the centaur.
The centaur is lightly wounded.
The centaur hits you!
You die...

#.##
#.#'###.#
#..#
#.#.#<<.###
##.#
#.#.##....#
#.##
#.#.....#.#
#..#
#.#####.# #
##.####+##
.#
#..#....#
.#
##.#....#
.#
####@#....#
.#
#...c#....#
.#
#.##......#
# #......#
#......#'##
....###.# #
..... ...
.... #$..
... #...#


You could see a centaur.

Vanquished Creatures
  An adder (D:2)
  An ooze (D:1)
  A worm (D:2)
  A dart slug (D:1)
  A leopard gecko (D:2)
  4 bats
  3 goblins (D:2)
  2 hobgoblins (D:1)
  3 jackals
  A frilled lizard (D:2)
  2 kobolds
  5 rats
25 creatures vanquished.

Notes
Turn   | Place    | Note
-------+----------+-------------------------------------------
     0 | D:1      | Acheron the Vampire Skald began the quest for the Orb.
     0 | D:1      | Reached XP level 1. HP: 16/16 MP: 3/3
   180 | D:1      | Reached XP level 2. HP: 22/22 MP: 5/5
   190 | D:1      | Learned a level 2 spell: Shroud of Golubria
   284 | D:1      | Reached skill level 1 in Armour
   662 | D:2      | Reached XP level 3. HP: 5/27 MP: 2/6
  1047 | D:2      | Reached skill level 1 in Stealth
  1265 | D:2      | Noticed a centaur
  1281 | D:2      | Slain by a centaur

Illustrated notes

Levels and vault maps discovered:
D:1:      scummos_arrival_hexagon, layout_loops_cross
D:2:      layout_basic, first_ration

Skill      XL: |  1  2  3 |
---------------+----------+-----
Fighting       | 2 |  2.1
Armour         | 1 |  1.2
Stealth        | 1 |  1.3
Long Blades    | |  2.2
Throwing       | |  0.1
Dodging        | |  2.4
Spellcasting   | |  2.2
Charms         | |  3.6
Translocations | |  0.3

Action                   || total
-------------------------++-------
Melee: Falchion          ||    72
       Bite              ||     8
Throw: Dart              ||     4
 Cast: Infusion          ||     4
 Abil: Exsanguinate      ||     1
  Use: Potion            ||     2
 Stab: Sleeping          ||     3
Armor: Leather armour    ||    15
Dodge: Dodged            ||    49
       Rpst.: Falchion   ||    17
